 Dungeon Crawl Stone Soup version 0.27-a0-1180-g7fc4abc71e (webtiles) character file.

Game seed: 4130025886007520593

23 Glokmah the Vexing (level 2, -1/21 HPs)
             Began as a Demonspawn Arcane Marksman on May 17, 2021.
             Was a Follower of Ru.
             Slain by a frilled lizard (2 damage)
             ... on level 2 of the Dungeon.
             The game lasted 00:02:45 (1627 turns).

Glokmah the Vexing (Demonspawn Arcane Marksman)     Turns: 1627, Time: 00:02:45

Health: -1/21      AC:  5    Str: 10    XL:     2   Next: 75%
Magic:  3/4        EV: 10    Int: 14    God:    Ru [*.....]
Gold:   55         SH:  0    Dex: 13    Spells: 0/3 levels left

rFire    . . .     SeeInvis .   b - +0 short sword
rCold    . . .     Faith    .   (no shield)
rNeg     . . .     Spirit   .   f - +0 leather armour
rPois    .         Reflect  .   (no helmet)
rElec    .         Harm     .   (no cloak)
rCorr    .         Rampage  .   (no gloves)
Will     .....                  (no boots)
Stlth    +.........             (no amulet)
HPRegen  0.07/turn              (no ring)
MPRegen  0.09/turn              (no ring)

@: no status effects
A: icy blue scales 1, inability to train dodging
a: Renounce Religion


You were on level 2 of the Dungeon.
You worshipped Ru.
Ru was aware of your devotion.
You visited 1 branch of the dungeon, and saw 2 of its levels.

You collected 55 gold pieces.

Inventory:

Hand Weapons
 b - a +0 short sword (weapon)
Missiles
 d - 2 throwing nets (quivered)
Armour
 a - a +0 robe
 f - a +0 leather armour (worn)
Jewellery
 h - a +6 ring of dexterity
Scrolls
 g - a scroll of enchant armour {unknown}
 k - a scroll of immolation {unknown}
Potions
 e - a potion of resistance {unknown}
 i - 2 potions of curing {unknown}
 j - a potion of attraction {unknown}


   Skills:
 + Level 1.3 Fighting
 * Level 2.2 Throwing
 + Level 1.3 Spellcasting
 * Level 3.4 Hexes


You couldn't memorise any spells.
You knew the following spells:

 Your Spells              Type           Power      Damage    Failure   Level
a - Corona                Hex            11%        N/A       9%          1
b - Slow                  Hex            10%        N/A       13%         2

Your spell library contained the following spells:

 Spells                   Type           Power      Damage    Failure   Level
 Inner Flame              Hex/Fire       5%         N/A       45%         3
 Portal Projectile        Hex/Tloc       10%        N/A       45%         3
 Cause Fear               Hex            5%         N/A       63%         4
 Leda's Liquefaction      Hex/Erth       2%         N/A       86%         4


Dungeon Overview and Level Annotations

Branches:
Dungeon (2/15)

Altars:
Ru


Innate Abilities, Weirdness & Mutations

You are partially covered in icy blue scales. (AC +2)
You cannot train Dodging skill.


Message History

The kobold barely misses you. The kobold barely misses you.
You hit the kobold but do no damage.
The kobold is stunned by your conviction and fails to attack.
You hit the kobold but do no damage.
The kobold hits you with a +0 dagger of protection.
* * * LOW HITPOINT WARNING * * *
You hit the kobold.
The kobold is severely wounded.
Save game and exit?
Okay, then.
You hit the kobold but do no damage. The kobold barely misses you. x2
You hit the kobold.
The kobold is moderately wounded.
The kobold barely misses you. x2
The kobold is stunned by your conviction and fails to attack.
You hit the kobold.
You kill the kobold!
The ball python closely misses you. x2; The kobold barely misses you.
You hit the ball python.
You kill the ball python!
The kobold hits you but does no damage. The kobold hits you but does no damage.
Things that are here:
a +0 short sword; a ball python corpse; a kobold corpse You barely miss the kobold.
The kobold is severely wounded.
The kobold barely misses you.
You hit the kobold.
You kill the kobold!
You miss the frilled lizard. The frilled lizard misses you.
You barely miss the frilled lizard.
The frilled lizard bites you but does no damage.
You closely miss the goblin.
The frilled lizard hisses.
The frilled lizard bites you.
* * * LOW HITPOINT WARNING * * *
The goblin hits you but does no damage.
You closely miss the goblin. The frilled lizard bites you.
You die...

#.....# #.....#
####.....##########
...................
###.....#.........
#.......########
#######.......# ########
......lg#####.###.......
....###@# #.......##.#
.. .... ....###.#
#####......# .....
....#...# ####....###
#.#K.##....S)###
##........## #
#.#........##
####........... #.
...#......
.......<...##.# #..
....#.... ...........#
.. ....#........
###.#......# .
...g.<.......
#.#........


You could see a goblin and a frilled lizard.

Vanquished Creatures
  2 endoplasms (D:1)
  A giant cockroach (D:1)
  A hobgoblin (D:1)
  4 jackals
  4 kobolds
  3 ball pythons
  2 bats (D:1)
  A frilled lizard (D:1)
  2 goblins
  A rat (D:1)
21 creatures vanquished.

Notes
Turn   | Place    | Note
-------+----------+-------------------------------------------
     0 | D:1      | Glokmah the Demonspawn Arcane Marksman began the quest for
                  | the Orb.
     0 | D:1      | Reached XP level 1. HP: 15/15 MP: 2/2
   623 | D:1      | Gained mutation: You are partially covered in icy blue
                  | scales. (AC +2) [demonic ancestry]
   623 | D:1      | Reached XP level 2. HP: 10/21 MP: 3/3
   815 | D:1      | Learned a level 2 spell: Slow
   858 | D:1      | Found a faded altar of an unknown god.
   865 | D:1      | Became a worshipper of Ru the Awakened
   887 | D:1      | Gained mutation: You cannot train Dodging skill. [Ru
                  | sacrifice]
   887 | D:1      | Reached * piety under Ru
  1615 | D:2      | HP: 1/21 [kobold/+0 dagger of protection (3)]
  1626 | D:2      | HP: 1/21 [frilled lizard (1)]
  1627 | D:2      | Slain by a frilled lizard

Illustrated notes

Levels and vault maps discovered:
D:1:      matt_arrival_los_fun, layout_loops_ring,
          shapermc_ecumenical_altar_venn, minmay_misc_feat_iff,
          grunt_decor_clamped, minmay_misc_feat_tower
D:2:      layout_rooms, kennysheep_nub

Skill      XL: |  1  2 |
---------------+-------+-----
Throwing       | 2 |  2.2
Dodging        | 0 |  0.0
Fighting       | |  1.3
Spellcasting   | |  1.3
Hexes          | |  3.4

Action                   || total
-------------------------++-------
Melee: Short sword       ||    68
Throw: Javelin           ||    12
Invok: Sacrifice Nimblen ||     1
Armor: Robe              ||     4
       Leather armour    ||    35
Dodge: Dodged            ||    65

Table legend: (Time is in decaauts)
 A = Elapsed time spent in this place.
 B = Non-inter-level travel time spent in this place.
 C = Inter-level travel time spent in this place.
 D = Time resting spent in this place.
 E = Time spent auto-exploring this place.
 F = Levels seen in this place.
 G = Mean time per level.
                   A        B        C        D        E       F      G
               +--------+--------+--------+--------+--------+-----+--------+
         Total |   1639 |   1541 |     98 |    290 |   1007 |   2 |  819.5 |
       Dungeon |   1639 |   1541 |     98 |    290 |   1007 |   2 |  819.5 |
               +--------+--------+--------+--------+--------+-----+--------+

Top non-repeatable levels by time:
     D:1: 1551 daAuts
     D:2: 88 daAuts
